 Dungeon Crawl Stone Soup version 0.31-a0-656-gb4d89c20fa (webtiles) character file.

Game seed: 5727527233601942844

24241 Joey1 the Mimic (level 12, -6/156 HPs)
             Began as a Troll Shapeshifter on Aug 25, 2023.
             Was an Initiate of Gozag.
             Mangled by a seven-headed hydra (7 damage)
             ... on level 2 of the Lair of Beasts on Aug 30, 2023.
             The game lasted 00:55:34 (11260 turns).

Joey1 the Mimic (Troll Shapeshifter)               Turns: 11260, Time: 00:55:36

Health: -6/156     AC: 10    Str: 35    XL:     12   Next: 78%
Magic:  11/11      EV: 15    Int:  4    God:    Gozag
Gold:   2825       SH:  0    Dex: 10    Spells: 11/11 levels left

rFire   . .          .
                       - Unarmed
rCold   . . .        (shield currently unavailable)
rNeg    . . .        h - melded +11 swamp dragon scales "Xem Muna" {rElec rPois rCorr Dex+4 SInv}
rPois   .            (helmet currently unavailable)
rElec   .            (cloak currently unavailable)
rCorr   .            (gloves unavailable)
SInv    .            (boots unavailable)
Will    +....        P - amulet of regeneration
Stlth   +            e - ring of willpower
HPRegen 2.06/turn    y - +5 ring of evasion
MPRegen 0.12/turn

%: no passive effects
@: snake-form
A: constrict, boosted hp, large, unfitting armour, (claws 3), regeneration 1,
(shaggy fur 1), (tough skin 1)
a: Begin Untransformation, Renounce Religion, Potion Petition, Call Merchant,
Bribe Branch


You were on level 2 of the Lair of Beasts.
You worshipped Gozag.
Gozag was most pleased with you.
You were an enormous anaconda.
You visited 3 branches of the dungeon, and saw 14 of its levels.
You also visited: Sewer and Bailey.

You collected 3021 gold pieces.
You spent 70 gold pieces at shops.
You paid 126 gold pieces to Gozag.

Inventory:

Missiles
 A - 11 throwing nets
Armour
 a - a +0 animal skin
 h - the +11 swamp dragon scales "Xem Muna" (melded) {rElec rPois rCorr Dex+4 SInv}
   (You acquired it on level 3 of the Dungeon)

   Dex+4:     It affects your dexterity (+4).
   rElec:     It insulates you from electricity.
   rPois:     It protects you from poison SInv: It lets you see invisible.
   rCorr:     It protects you from acid and corrosion.
 M - the +0 pair of boots of the Iron City of Dis {Int+6 Slay+3}
   (You found it on level 1 of the Lair of Beasts)

   Int+6:     It affects your intelligence (+6).
   Slay+3:    It affects your accuracy & damage with ranged weapons and melee
   (+3).
Jewellery
 e - a ring of willpower (left hand)
 n - an amulet of the acrobat
 p - a ring of protection from fire
 y - a +5 ring of evasion (right hand)
 E - an amulet of magic regeneration
 I - a +4 ring of protection
 P - an amulet of regeneration (around neck)
Talismans
 c - a beast talisman
 d - a flux talisman
 r - a serpent talisman (active)
Wands
 B - a wand of light (14)
 C - a wand of charming (9)
 D - a wand of digging (5)
 N - a wand of polymorph (6)
Scrolls
 f - 3 scrolls of enchant armour
 g - 2 scrolls of fog
 j - 4 scrolls of brand weapon
 k - 2 scrolls of amnesia
 s - 5 scrolls of teleportation
 t - 3 scrolls of fear
 F - 2 scrolls of poison {unknown}
 G - a scroll of blinking {unknown}
 J - 2 scrolls of noise {unknown}
 K - 2 scrolls of enchant weapon {unknown}
 O - a scroll of identify
Potions
 b - 2 potions of lignification
 i - 5 potions of heal wounds {unknown}
 l - 2 potions of magic {unknown}
 m - 7 potions of curing {unknown}
 o - 2 potions of cancellation {unknown}
 q - 4 potions of attraction
 u - a potion of mutation
 v - 6 potions of enlightenment
 w - 2 potions of might {unknown}
 x - 2 potions of haste {unknown}
 z - a potion of ambrosia {unknown}
 L - a potion of resistance {unknown}
Miscellaneous
 H - a lightning rod (4/4)


   Skills:
 - Level 11.0 Fighting
 - Level 2.0 Armour
 - Level 3.0 Dodging
 - Level 12.0 Unarmed Combat
 + Level 12.1 Shapeshifting


You had 11 spell levels left.
You didn't know any spells.
Your spell library contained the following spells:

 Spells                   Type           Power      Damage    Failure   Level
 Blink                    Tloc           0%         N/A       65%         2
 Ensorcelled Hibernation  Hex/Ice        0%         N/A       65%         2
 Lesser Beckoning         Tloc           0%         N/A       65%         2
 Momentum Strike          Conj/Tloc      0%         3d8       65%         2
 Gell's Gravitas          Tloc           0%         N/A       86%         3
 Hailstorm                Conj/Ice       0%         3d3       86%         3
 Teleport Other           Tloc           0%         N/A       86%         3
 Anguish                  Hex/Necr       0%         N/A       99%         4
 Animate Armour           Summ/Erth      0%         N/A       99%         4
 Leda's Liquefaction      Hex/Erth       0%         N/A       99%         4
 Passage of Golubria      Tloc           0%         N/A       99%         4
 Petrify                  Tmut/Erth      0%         N/A       99%         4
 Sticky Flame             Conj/Fire      0%         2d3       99%         4
 Summon Ice Beast         Ice/Summ       0%         N/A       99%         4
 Summon Lightning Spire   Summ/Air       0%         N/A       99%         4
 Lee's Rapid Deconstruct  Erth           0%         3d4*      100%        5
 Dispersal                Tloc           0%         N/A       100%        6
 Leda's Unmaking          Conj/Erth      0%         9d1       100%        6
 Plasma Beam              Fire/Air       0%         2x1d10    100%        6
 Simulacrum               Ice/Necr       Unusable   N/A       N/A         6

Dungeon Overview and Level Annotations

Branches:
Dungeon (10/15)            Temple (1/1) D:6            Lair (3/5) D:10
  Swamp (0/4) Lair:2        Sewer (visited)          Bailey (visited)
  Snake: Lair:2-3    Spider: Lair:2-3       Orc: D:9-12

Altars:
Ashenzari
Cheibriados
Dithmenos
Elyvilon
Fedhas
Gozag
Hepliaklqana
Kikubaaqudgha
Makhleb
Nemelex Xobeh
Okawaru
Qazlal
Ru
Sif Muna
Trog
Uskayaw
Vehumet
Wu Jian
Xom
Yredelemnul
Zin
The Shining One

Shops:
D:1 :   D:3 ?   D:8 *


Innate Abilities, Weirdness & Mutations

You are an enormous anaconda.
You have a powerful constriction melee attack.
Your maximum health is increased.
Your armour is entirely melded.
You are incapable of wielding weapons or throwing items.
You are too large for most types of armour.
((You have claws for hands.))
Your natural rate of healing is unusually fast.
((You are covered in fur. (AC +1)))
((You have tough skin. (AC +1)))


Message History

The seven-headed hydra bites you!
The seven-headed hydra barely misses you.
The seven-headed hydra bites you. The seven-headed hydra bites you!
The seven-headed hydra bites you. x2
You barely miss the seven-headed hydra. You lash the seven-headed hydra!
The seven-headed hydra is moderately wounded.
The seven-headed hydra completely misses you. x2
The seven-headed hydra closely misses you.
The seven-headed hydra bites you but does no damage.
The seven-headed hydra bites you.
The seven-headed hydra bites you but does no damage.
The seven-headed hydra bites you.
You lash the seven-headed hydra!
The seven-headed hydra is heavily wounded.
The seven-headed hydra barely misses you. x2
The seven-headed hydra bites you. The seven-headed hydra misses you.
The seven-headed hydra bites you!
* * * LOW HITPOINT WARNING * * *
The seven-headed hydra closely misses you.
The seven-headed hydra barely misses you.
You barely miss the seven-headed hydra.
The seven-headed hydra is heavily wounded.
The seven-headed hydra bites you!
* * * LOW HITPOINT WARNING * * *
The seven-headed hydra bites you but does no damage.
The seven-headed hydra barely misses you. x2
The seven-headed hydra bites you!
* * * LOW HITPOINT WARNING * * *
The seven-headed hydra misses you. The seven-headed hydra bites you!
* * * LOW HITPOINT WARNING * * *
You lash the seven-headed hydra!
The seven-headed hydra is severely wounded.
The seven-headed hydra bites you!
* * * LOW HITPOINT WARNING * * *
The seven-headed hydra bites you.
* * * LOW HITPOINT WARNING * * *
The seven-headed hydra bites you!
You die...
Your body crumbles into a pile of gold.

#..#.## ##..# # #.#...# #..## ##
......## #...# ### #. .......#
###..## #.###. #......#
#....#####.... .......##
##............. ........#
##P..P##P......# ........#
######....######.##.. ........#
##..DS......P# ####..
........####............## ##.
..........#..............### ##
.........>...............#.# #.
...........................# ##
..............#.....(.....## ###
.~..P...P.~~P.#............# #.#
.P~~~..~~~~~####......[....#####.
.~P~~~P~~P~~# ###..........#.##.#


You could see a seven-headed hydra.

Vanquished Creatures
  Josephine (D:10)
  A catoblepas (Lair:3)
  5 hydras
  2 two-headed ogres
  Lodul (D:9)
  A lindwurm (Lair:3)
  2 oklob plants
  A black mamba (Lair:2)
  Joseph (D:10)
  A torpor snail (Lair:3)
  Jeremiah (D:6)
  4 cane toads (Lair:3)
  An unseen horror (D:10)
  3 komodo dragons
  A rime drake (Lair:3)
  A troll (D:10)
  A hornet (D:9)
  Grinder (D:3)
  6 blink frogs (Lair:3)
  A dream sheep (Lair:3)
  14 yaks
  A shadow (D:9)
  A wyvern (Lair:3)
  3 wraiths (D:10)
  Grum (D:8)
  A vampire mosquito (D:10)
  3 basilisks
  A steam dragon (D:5)
  Edmund (D:5)
  5 water moccasins
  Duvessa (D:7)
  2 acid dragons
  An ice beast (D:5)
  4 orc warriors
  2 sky beasts
  2 black bears
  10 ogres
  13 wolves
  4 centaurs
  2 phantoms
  4 kobold brigands
  9 bullfrogs
  9 gnoll sergeants (Bailey)
  4 scorpions
  3 wights (D:7)
  Dowan (D:7)
  15 killer bees (D:9)
  2 electric eels (Lair:3)
  2 howler monkeys
  2 jellies
  5 orc priests
  4 gnoll boudas (Bailey)
  3 hounds
  An iguana (D:5)
  2 sleepcaps
  8 orc wizards
  18 gnolls
  15 adders
  4 river rats (Sewer)
  2 shadow imps
  6 worms
  A dart slug (D:2)
  27 orcs
  21 bats
  13 endoplasms
  4 giant cockroaches
  10 goblins
  9 hobgoblins
  6 jackals
  27 kobolds
  6 quokkas
  11 ball pythons
  4 frilled lizards
  8 rats
374 creatures vanquished.

Notes
Turn   | Place    | Note
-------+----------+-------------------------------------------
     0 | D:1      | Joey1 the Troll Shapeshifter began the quest for the Orb.
     0 | D:1      | Reached XP level 1. HP: 18/18 MP: 0/0
    90 | D:1      | Reached skill level 1 in Fighting
   101 | D:1      | Reached XP level 2. HP: 27/27 MP: 1/1
   142 | D:1      | Found Yzxif's Vocational Training.
   294 | D:1      | Found a faded altar of an unknown god.
   856 | D:2      | Reached XP level 3. HP: 33/33 MP: 2/2
   960 | D:2      | Upgraded the game from 0.31-a0-632-g766dd24fdf to
                  | 0.31-a0-640-g39d97e502b
  1001 | D:2      | Reached XP level 4. HP: 41/41 MP: 3/3
  1254 | D:2      | Identified the +7 sling "Hulk" {freeze, rC+ rCorr Str-4}
  1476 | D:3      | Reached skill level 5 in Unarmed Combat
  1492 | D:3      | Found a glowing drain.
  1508 | Sewer    | Entered a sewer
  1665 | Sewer    | Reached XP level 5. HP: 21/48 MP: 4/4
  2104 | D:3      | Found Ynuttoit's Magic Scroll Shoppe.
  2121 | D:3      | Bought a scroll of identify for 28 gold pieces
  2125 | D:3      | Identified a scroll of acquirement
  2128 | D:3      | Acquired the +11 swamp dragon scales "Xem Muna" {rElec
                  | rPois rCorr Dex+4 SInv}
  2307 | D:3      | Noticed Grinder
  2326 | D:3      | Paralysed by Grinder for 3 turns
  2331 | D:3      | Killed Grinder
  2332 | D:3      | Reached XP level 6. HP: 57/57 MP: 5/5
  2606 | D:3      | Bought a scroll of teleportation for 42 gold pieces
  2711 | D:4      | Reached skill level 5 in Shapeshifting
  2711 | D:4      | Reached XP level 7. HP: 46/65 MP: 6/6
  2762 | D:4      | Identified the +2 robe of Lethargy {+Blink}
  3068 | D:5      | Entered Level 5 of the Dungeon
  3134 | D:5      | Noticed Edmund
  3148 | D:5      | Killed Edmund
  3149 | D:5      | Reached skill level 1 in Armour
  3360 | D:5      | Noticed a steam dragon
  3374 | D:5      | Killed a steam dragon
  3375 | D:5      | Reached XP level 8. HP: 73/75 MP: 7/7
  3785 | D:6      | Noticed a +0 short sword
  3785 | D:6      | Noticed a +0 short sword
  3785 | D:6      | Noticed a +0 dagger
  3786 | D:6      | Noticed a +0 spear
  3786 | D:6      | Noticed a +0 falchion
  3786 | D:6      | Noticed a +0 falchion
  3786 | D:6      | Noticed a +0 spear
  3789 | D:6      | Noticed a +0 dagger
  3794 | D:6      | Found a hide-covered altar of Uskayaw.
  3863 | D:6      | Noticed Jeremiah
  3938 | D:6      | Killed Jeremiah
  3939 | D:6      | Reached XP level 9. HP: 69/81 MP: 8/8
  4098 | D:6      | Found an iron altar of Okawaru.
  4427 | D:6      | Found a staircase to the Ecumenical Temple.
  4691 | Temple   | Entered the Ecumenical Temple
  4724 | Temple   | Became a worshipper of Gozag Ym Sagoz the Greedy
  4904 | D:7      | Reached skill level 10 in Shapeshifting
  5063 | D:7      | Noticed Duvessa
  5065 | D:7      | Noticed Dowan
  5076 | D:7      | Killed Duvessa
  5084 | D:7      | Killed Dowan
  5085 | D:7      | Reached skill level 5 in Fighting
  5842 | D:8      | Noticed Grum
  5860 | D:8      | Killed Grum
  5861 | D:8      | Reached XP level 10. HP: 96/96 MP: 9/9
  5926 | D:8      | Got the Omnibus of Entrancing Mud
  5985 | D:8      | Found Dudgh's CLEARANCE SALE!.
  6033 | D:8      | Found a shimmering blue altar of Sif Muna.
  6203 | D:8      | Noticed a two-headed ogre
  6220 | D:8      | Killed a two-headed ogre
  6768 | D:9      | Upgraded the game from 0.31-a0-640-g39d97e502b to
                  | 0.31-a0-656-gb4d89c20fa
  7127 | D:9      | Found a burning altar of Makhleb.
  7129 | D:9      | Found a blossoming altar of Fedhas.
  7179 | D:9      | Found a hazy altar of Hepliaklqana.
  7179 | D:9      | Found a shimmering altar of Xom.
  7180 | D:9      | Found a shadowy altar of Dithmenos.
  7493 | D:10     | Entered Level 10 of the Dungeon
  7517 | D:10     | Noticed Lodul
  7517 | D:10     | Noticed a two-headed ogre
  7549 | D:9      | Killed a two-headed ogre
  7550 | D:9      | Reached XP level 11. HP: 89/109 MP: 10/10
  7621 | D:9      | Killed Lodul
  7800 | D:10     | Noticed Joseph
  7808 | D:10     | Killed Joseph
  7850 | D:10     | Found a flagged portal.
  7862 | Bailey   | Entered a bailey
  7950 | Bailey   | Reached skill level 10 in Unarmed Combat
  8148 | Bailey   | Got the Vellum of Shifting and the Volcano
  8424 | D:10     | Noticed Josephine
  8433 | D:10     | Killed Josephine
  8583 | D:10     | Noticed an oklob plant
  8586 | D:10     | Found a staircase to the Lair.
  9082 | D:10     | Killed an oklob plant
  9138 | Lair:1   | Entered Level 1 of the Lair of Beasts
  9174 | Lair:1   | Identified the +0 pair of boots of the Iron City of Dis
                  | {Int+6 Slay+3}
  9216 | Lair:1   | You fall into a shaft and drop 1 floor!
  9293 | Lair:2   | Noticed an oklob plant
  9294 | Lair:2   | Found a white marble altar of Elyvilon.
  9306 | Lair:2   | Killed an oklob plant
  9340 | Lair:2   | Reached XP level 12. HP: 99/119 MP: 11/11
  9414 | Lair:2   | Found a staircase to the Swamp.
  9414 | Lair:2   | Noticed an eight-headed hydra
  9426 | Lair:2   | Killed a 14-headed hydra
  9794 | Lair:2   | Noticed a six-headed hydra
 10056 | Lair:2   | Killed an 11-headed hydra
 10876 | Lair:3   | Noticed a catoblepas
 10885 | Lair:3   | Killed a catoblepas
 11014 | Lair:3   | Noticed a five-headed hydra
 11025 | Lair:3   | Killed a five-headed hydra
 11026 | Lair:3   | Reached skill level 10 in Fighting
 11165 | Lair:3   | Noticed a five-headed hydra
 11176 | Lair:3   | Noticed a four-headed hydra
 11176 | Lair:3   | Noticed a seven-headed hydra
 11183 | Lair:3   | Killed a five-headed hydra
 11190 | Lair:3   | Killed a four-headed hydra
 11191 | Lair:3   | Noticed a death yak
 11260 | Lair:2   | HP: 4/156 [seven-headed hydra (9)]
 11260 | Lair:2   | HP: 1/156 [seven-headed hydra (3)]
 11260 | Lair:2   | Mangled by a seven-headed hydra

Illustrated notes

Levels and vault maps discovered:
D:1:      dreamdust_arrival_sigmund_warning, layout_loops_ring,
          chequers_ecumenical_altar_grove, nicolae_shop_vocational
D:2:      layout_basic, minmay_liquid_box, kennysheep_generic_room_15
D:3:      layout_rooms, portal_sewer_entry_a, serial_shops, nicolae_shop_stone,
          minmay_unequal, uniq_grinder
D:4:      layout_basic, roderic_batcave, grunt_ministairs_12
D:5:      layout_cave_pools, uniq_edmund
D:6:      kennysheep_six_static_rooms, layout_loops_cross, lemuel_doored_altar,
          nicolae_uskayaw_en_pointe, minmay_temple_entry_trees,
          kennysheep_generic_room_7, uniq_jeremiah
D:7:      layout_basic, kennysheep_generic_room_6, uniq_duvessa
D:8:      layout_basic, nicolae_overflow_crystal_walls, nicolae_shop_clearance,
          uniq_grum
D:9:      layout_small_grid, nicolae_overflow_hidden_temple
D:10:     layout_irregular_city, dpeg_oklobed_lair, enter_bailey_5, st_stairs_5,
          uniq_josephine, uniq_lodul, uniq_joseph
Temple:   eino_temple_lava
Lair:1:   layout_chaotic_city
Lair:2:   wander_river, layout_cave_pods, minmay_swamp_entry_reptiles,
          lemuel_oklob_altar, serial_bayou_shore_a
Lair:3:   nzn_winding_woodlands_large [nzn_winding_woodlands_5x5_closed_star,
          nzn_winding_woodlands_5x15_cabin, nzn_winding_woodlands_5x5_default,
          nzn_winding_woodlands_center_diamonds,
          nzn_winding_woodlands_15x15_eel_pit,
          nzn_winding_woodlands_center_pierced_h,
          nzn_winding_woodlands_5x5_default, nzn_winding_woodlands_5x15_crooked,
          nzn_winding_woodlands_5x5_perimeter], layout_long_grid,
          hellmonk_spider_entry_not_the_bees, serial_bayou_pond_e,
          lemuel_fruit_fields, uniq_fannar

Skill      XL: |  1  2  3  4  5  6  7  8  9 10 11 12 |
---------------+-------------------------------------+-----
Fighting       | 1 2 3 5 7 8 11 | 11.0
Dodging        | 2 3 |  3.0
Unarmed Combat | 4 5 6 7 9 12 | 12.0
Shapeshifting  | 4 5 6 9 10 11 12 | 12.1
Armour         | 2 |  2.0

Action                     |  1- 3 |  4- 6 |  7- 9 | 10-12 || total
---------------------------+-------+-------+-------+-------++-------
  Melee: Unarmed           |    67 |   134 |   258 |   509 ||   968
         Punch             |     1 |     3 |    15 |     4 ||    23
         Constrict         |       |       |     5 |    86 ||    91
  Evoke: Lightning rod     |       |       |       |     1 ||     1
    Use: Scroll            |       |     8 |       |     2 ||    10
   Stab: Distracted        |       |       |     1 |     4 ||     5
 Armour: Animal skin       |    12 |    26 |       |       ||    38
         Swamp dragon scal |       |    15 |    95 |    44 ||   154
         Skin              |       |       |     3 |   104 ||   107
  Dodge: Dodged            |    26 |    85 |   114 |   467 ||   692
   Form: Anaconda          |       |       |     1 |     2 ||     3
         Beast             |       |       |       |     2 ||     2

Table legend: (Time is in decaauts)
 A = Elapsed time spent in this place.
 B = Non-inter-level travel time spent in this place.
 C = Inter-level travel time spent in this place.
 D = Time resting spent in this place.
 E = Time spent auto-exploring this place.
 F = Levels seen in this place.
 G = Mean time per level.
                   A        B        C        D        E       F      G
               +--------+--------+--------+--------+--------+-----+--------+
         Total |  11130 |  10425 |    705 |    492 |   7136 |  16 |  695.6 |
       Dungeon |   7989 |   7436 |    553 |    216 |   5386 |  10 |  798.9 |
        Temple |     42 |     33 |      9 |      0 |      0 |   1 |   42.0 |
          Lair |   2089 |   1946 |    143 |    225 |   1262 |   3 |  696.3 |
         Sewer |    581 |    581 |      0 |     31 |    336 |   1 |  581.0 |
        Bailey |    428 |    428 |      0 |     20 |    152 |   1 |  428.0 |
               +--------+--------+--------+--------+--------+-----+--------+

Top non-repeatable levels by time:
  Lair:2: 1359 daAuts
     D:6: 1140 daAuts
    D:10: 1077 daAuts
     D:9: 1047 daAuts
     D:7: 971 daAuts
     D:2: 806 daAuts
     D:8: 713 daAuts
     D:1: 656 daAuts
  Lair:3: 653 daAuts
   Sewer: 581 daAuts
     D:5: 576 daAuts
     D:3: 566 daAuts
     D:4: 433 daAuts
  Bailey: 428 daAuts
  Lair:1: 76 daAuts
